 Dungeon Crawl Stone Soup version 0.23-a0-808-gd21de94 (webtiles) character file.

11116 Inarius the Covert (level 11, -1/47 HPs)
             Began as a Felid Berserker on Jan 18, 2019.
             Was a High Priest of Trog.
             Slain by a death yak (22 damage)
             ... in an ice cave on Jan 20, 2019.
             The game lasted 00:30:37 (15243 turns).

Inarius the Covert (Felid Berserker)               Turns: 15243, Time: 00:30:38

Health: -1/47      AC:  3    Str: 20    XL:     11   Next: 45%
Magic:  16/16      EV: 26    Int:  9    God:    Trog [*****.]
Gold:   88         SH:  0    Dex: 16    Spells: 10/10 levels left
                                        Lives:  0   Deaths: 3

rFire    x . .     SeeInvis +     - Unarmed
rCold    + . .     Gourm    .   (shield unavailable)
rNeg     . . .     Faith    .   (armour unavailable)
rPois    .         Spirit   .   (helmet unavailable)
rElec    .         Reflect  .   (cloak unavailable)
rCorr    .         Harm     .   (gloves unavailable)
MR       +++..                  (boots unavailable)
Stlth    ++++++....             (no amulet)
HPRegen  1.15/turn              c - ring of ice
MPRegen  0.15/turn              s - +4 ring of strength

@: regenerating, quick
A: very small, no armour, no weapons or thrown items, stealth, claws 1, fangs 3,
rugged brown scales 1, see invisible, carnivore, speed 1, frail 1, shaggy fur 2,
slow metabolism 1, sharp paws
a: Berserk, Trog's Hand, Brothers in Arms, Renounce Religion


You were in an ice cave.
You worshipped Trog.
Trog was extremely pleased with you.
You were very full.

You visited 2 branches of the dungeon, and saw 12 of its levels.
You visited 1 bazaar.
You also visited: Sewer and Ice Cave.

You collected 508 gold pieces.
You spent 420 gold pieces at shops.

Inventory:

Jewellery
 c - a ring of ice (left paw)
 k - an uncursed ring of magical power
 o - an uncursed ring of positive energy
 s - a +4 ring of strength (right paw)
 C - an uncursed ring of magical power
 H - an uncursed ring of flight
Wands
 r - a wand of disintegration (15)
 w - a wand of flame (28)
 y - a wand of digging (5)
 z - a wand of random effects (11)
 B - a wand of paralysis (11)
Scrolls
 h - 3 scrolls of teleportation
 j - 3 scrolls of amnesia
 l - a scroll of random uselessness
 u - a scroll of magic mapping
 v - 3 scrolls of remove curse
 G - a scroll of vulnerability {unknown}
 I - a scroll of summoning {unknown}
Potions
 b - 3 potions of ambrosia
 d - 7 potions of flight {unknown}
 e - 3 potions of lignification
 f - 2 potions of invisibility
 g - 6 potions of agility
 i - a potion of curing
 m - 2 potions of berserk rage
 n - 2 potions of might {unknown}
 t - 3 potions of degeneration {unknown}
 A - a potion of magic
 D - a potion of experience {unknown}
 F - 3 potions of mutation
Miscellaneous
 q - 2 sacks of spiders
 x - a phial of floods
 E - a phial of floods
 J - a box of beasts
Comestibles
 a - 15 rations
 p - 4 chunks of flesh


   Skills:
 * Level 8.2 Fighting
 + Level 10.0 Dodging
 + Level 13.7 Stealth
 + Level 13.1 Unarmed Combat
 + Level 6.3 Evocations


You had 10 spell levels left.
You didn't know any spells.
Your spell library was empty.

Dungeon Overview and Level Annotations

Branches:
Dungeon (11/15)            Temple (1/1) D:6            Lair (0/6) D:11
    Orc: D:9-12

Altars:
Ashenzari
Cheibriados
Fedhas
Gozag
Hepliaklqana
Kikubaaqudgha
Makhleb
Nemelex Xobeh
Okawaru
Qazlal
Ru
Trog
Vehumet
Wu Jian
Xom
Yredelemnul
Zin
The Shining One

Shops:
D:5 [   D:8 %


Innate Abilities, Weirdness & Mutations

You cannot wear armour.
You are incapable of wielding weapons or throwing items.
Your paws allow you to move quietly. (Stealth)
You have sharp claws.
You have razor-sharp teeth.
You have supernaturally acute eyesight. (SInv)
You are carnivorous and can eat meat at any time.
You cover ground quickly.
You are covered in thick fur. (AC +2)
You have a slow metabolism.
Your sharp claws are effective at attacking unaware monsters.
You are partially covered in rugged brown scales. (AC +1, +3% HP)
You are frail. (-10% HP)


Message History

The death yak is severely wounded.
The death yak is engulfed in a cloud of scalding steam.
You barely miss the death yak.
The death yak is severely wounded.
The death yak closely misses you.
You scratch the death yak but do no damage.
The death yak is severely wounded.
The death yak completely misses you.
A yak comes into view.
You claw the death yak!
The death yak is almost dead.
The death yak closely misses you.
You scratch the death yak but do no damage.
The death yak is almost dead.
The death yak gores you!!
Ouch! That really hurt!
Your skin crawls.
You feel resistant to hostile enchantments.
The death yak gores you!!
You die...

### ######### ## YY.##
###Y@#....# ##.
#Y.##YY##.#..# ##..
#≈YY####..# ##...
#≈≈≈####...# #..##
#≈≈≈≈≈≈≈##..### ##..##
##≈≈≈≈≈≈≈##..#########..###
≈≈≈≈≈≈≈≈≈###..##.(...##...#
.#≈≈≈≈≈≈≈≈#..###...⌠.°.#..##
.
##≈≈≈≈≈≈##...##..[..○☼○.###


You could see 2 death yaks and 3 yaks.

Vanquished Creatures
  Gastronok (D:8)
  3 two-headed ogres
  2 centaur warriors (D:10)
  A skeletal warrior (D:10)
  A gargoyle (D:10)
  An ice statue (IceCv)
  A hornet (D:10)
  Grinder (Sewer)
  5 polar bears (IceCv)
  3 hippogriffs
  A wraith (D:10)
  16 yaks
  A steam dragon (D:10)
  A water moccasin (D:8)
  3 orc warriors
  2 sky beasts (D:8)
  4 ice beasts
  3 phantoms
  6 ogres
  15 wolves (IceCv)
  8 centaurs
  A crocodile (D:10)
  2 big kobolds
  8 bullfrogs
  A wyvern skeleton (D:8)
  4 scorpions
  16 killer bees
  A howler monkey (D:10)
  7 wights
  A centaur zombie (D:5)
  4 crimson imps
  5 hounds
  3 jellies
  7 orc priests
  8 orc wizards
  2 centaur skeletons
  2 iguanas
  4 worker ants
  3 big kobold zombies (Sewer)
  A hound zombie (D:5)
  4 worker ant zombies
  4 gnolls
  A river rat (D:6)
  11 adders
  3 shadow imps
  An ufetubus (Sewer)
  4 oozes
  2 adder zombies
  An adder skeleton (D:6)
  4 worms
  A dart slug (D:2)
  3 leopard geckos
  43 orcs
  3 bats
  A bat zombie (Sewer)
  6 giant cockroaches
  7 goblins
  8 hobgoblins
  14 jackals
  24 kobolds
  4 quokkas
  5 ball pythons
  7 frilled lizards
  2 leopard gecko zombies
  A quokka skeleton (D:5)
  8 rats
331 creatures vanquished.

Vanquished Creatures (collateral kills)
  4 polar bears (IceCv)
  A yak (IceCv)
  An orc warrior (D:10)
  2 wolves (IceCv)
  An orc wizard (D:10)
  4 orcs (D:10)
13 creatures vanquished.

Vanquished Creatures (others)
  2 polar bears (IceCv)
  5 wolves (IceCv)
7 creatures vanquished.

Grand Total: 351 creatures vanquished

Notes
Turn   | Place    | Note
-------+----------+-------------------------------------------
     0 | D:1      | Inarius the Felid Berserker began the quest for the Orb.
     0 | D:1      | Reached XP level 1. HP: 10/10 MP: 2/2
   254 | D:1      | Reached skill level 1 in Stealth
   264 | D:1      | Reached XP level 2. HP: 14/14 MP: 3/3
  1297 | D:2      | Reached XP level 3. HP: 17/17 MP: 4/4
  1876 | D:2      | Found a burning altar of Makhleb.
  1885 | D:2      | Found a radiant altar of Vehumet.
  2187 | D:3      | Reached ** piety under Trog
  2288 | D:3      | Found a hazy altar of Hepliaklqana.
  2293 | D:3      | Reached XP level 4. HP: 21/21 MP: 5/5
  2585 | D:3      | Reached XP level 5. HP: 24/24 MP: 6/6
  2879 | D:3      | Reached *** piety under Trog
  3108 | D:4      | Reached skill level 5 in Dodging
  3150 | D:4      | Reached skill level 5 in Stealth
  3150 | D:4      | Gained mutation: You are covered in thick fur. (AC +2)
                  | [Felid growth]
  3150 | D:4      | Reached XP level 6. HP: 25/28 MP: 7/7
  3641 | D:4      | Reached skill level 5 in Unarmed Combat
  3656 | D:4      | Killed from afar by an orc wizard
  3657 | D:4      | Reached XP level 5. HP: -1/24 MP: 6/6
  3827 | D:4      | Noticed an ogre
  3835 | D:4      | Killed an ogre
  3835 | D:4      | Reached XP level 6. HP: 28/28 MP: 7/7
  4209 | D:5      | Entered Level 5 of the Dungeon
  4627 | D:5      | Reached XP level 7. HP: 31/31 MP: 8/8
  4639 | D:5      | You fall through a shaft!
  4734 | D:6      | Found a glowing drain.
  4783 | Sewer    | Entered a sewer
  4925 | Sewer    | Reached **** piety under Trog
  5136 | Sewer    | Found an ancient bone altar of Kikubaaqudgha.
  5142 | Sewer    | Noticed Grinder
  5154 | Sewer    | Killed Grinder
  5331 | Sewer    | Reached XP level 8. HP: 27/36 MP: 9/9
  5657 | D:5      | Found Kaynuqex's Antique Armour Boutique.
  6623 | D:6      | Found a staircase to the Ecumenical Temple.
  6789 | Temple   | Entered the Ecumenical Temple
  6901 | D:7      | Found a shimmering altar of Xom.
  7085 | D:7      | Noticed a hippogriff
  7089 | D:7      | Killed a hippogriff
  7089 | D:7      | Reached XP level 9. HP: 39/39 MP: 10/10
  7680 | D:8      | Found Querrerch's Food Boutique.
  7684 | D:8      | Found a stormy altar of Qazlal.
  7692 | D:8      | Reached skill level 10 in Stealth
  8541 | D:8      | Reached skill level 1 in Evocations
  8713 | D:8      | Found a shattered altar of Ashenzari.
  8788 | D:8      | Reached skill level 5 in Fighting
  9091 | D:8      | Gained mutation: You are clumsy. (Dex -2) [potion of
                  | mutation]
  9091 | D:8      | Gained mutation: Your flesh is heat resistant. (rF+)
                  | [potion of mutation]
  9092 | D:8      | Lost mutation: You are clumsy. (Dex -2) [potion of
                  | mutation]
  9092 | D:8      | Lost mutation: Your flesh is heat resistant. (rF+) [potion
                  | of mutation]
  9092 | D:8      | Gained mutation: You are frail. (-10% HP) [potion of
                  | mutation]
  9092 | D:8      | Gained mutation: You are partially covered in rugged brown
                  | scales. (AC +1, +3% HP) [potion of mutation]
  9098 | D:8      | Noticed Gastronok
  9102 | D:8      | HP: 1/37 [Gastronok (36)]
  9104 | D:8      | Slain by Gastronok
  9105 | D:8      | Reached XP level 8. HP: -3/34 MP: 19/19
  9126 | D:8      | Noticed a two-headed ogre
  9132 | D:8      | Reached skill level 10 in Unarmed Combat
  9135 | D:8      | Killed a two-headed ogre
  9135 | D:8      | Reached XP level 9. HP: 37/37 MP: 12/12
  9503 | D:8      | Killed Gastronok
  9503 | D:8      | Reached XP level 10. HP: 16/41 MP: 14/14
  9852 | D:9      | Reached ***** piety under Trog
 10261 | D:9      | Found a bloodstained altar of Trog.
 10442 | D:9      | Upgraded the game from 0.23-a0-756-g517b432 to
                  | 0.23-a0-808-gd21de94
 10830 | D:9      | Found a sacrificial altar of Ru.
 11125 | D:9      | Reached skill level 5 in Evocations
 11174 | D:9      | Found a glowing golden altar of the Shining One.
 11174 | D:9      | Found a blossoming altar of Fedhas.
 11279 | D:10     | Entered Level 10 of the Dungeon
 12049 | D:10     | Noticed a centaur warrior
 12062 | D:10     | Killed a centaur warrior
 12378 | D:10     | Noticed a centaur warrior
 12391 | D:10     | Killed a centaur warrior
 12391 | D:10     | Reached XP level 11. HP: 23/45 MP: 16/16
 12435 | D:10     | Noticed a skeletal warrior
 12618 | D:10     | Killed a skeletal warrior
 12748 | D:10     | Noticed a two-headed ogre
 12759 | D:10     | Killed a two-headed ogre
 13612 | D:11     | HP: 3/69 [hornet (2)]
 13618 | D:11     | Succumbed to a hornet's poison
 13619 | D:11     | Reached XP level 10. HP: 0/43 MP: 24/24
 13652 | D:11     | Found a flickering gateway to a bazaar.
 13658 | Bazaar   | Entered a bazaar
 13672 | Bazaar   | Found Qongi's Distillery.
 13676 | Bazaar   | Bought a potion of curing for 30 gold pieces
 13676 | Bazaar   | Bought a potion of mutation for 80 gold pieces
 13676 | Bazaar   | Bought a potion of mutation for 80 gold pieces
 13676 | Bazaar   | Bought a potion of mutation for 80 gold pieces
 13676 | Bazaar   | Bought a potion of heal wounds for 50 gold pieces
 13676 | Bazaar   | Bought a potion of resistance for 100 gold pieces
 13703 | Bazaar   | Found Zuhed's Distillery.
 13725 | Bazaar   | Found Niuriafo's Gadget Emporium.
 13751 | Bazaar   | Found Bohao's Gadget Emporium.
 13786 | D:11     | Found a frozen archway.
 13795 | D:11     | Noticed a two-headed ogre
 13816 | D:11     | Killed a two-headed ogre
 13851 | IceCv    | Entered an ice cave
 14012 | IceCv    | Reached XP level 11. HP: 47/47 MP: 16/16
 15095 | IceCv    | Noticed a death yak
 15109 | IceCv    | Reached skill level 10 in Dodging
 15228 | IceCv    | Noticed a death yak
 15243 | IceCv    | Slain by a death yak

Vault maps used:
D:1:      saegor_arrival_simple_a
D:2:      minitemple, chequers_serial_rivers_room_a
D:3:      overflow_temple_1_default
D:4:      first_ration
D:5:      serial_shops, nicolae_shop_temple_entry_statues_fountains
D:6:      minmay_temple_entry_enclosed_plants, portal_sewer_entry_b
D:7:      kennysheep_little_box
D:8:      lemuel_crystal_altar, lemuel_crystal_altar, serial_shops,
          nicolae_shop_trees, blue_anna_alchemist, uniq_gastronok
D:9:      lemuel_crystal_altar, nicolae_overflow_hidden_temple,
          gammafunk_temple_overflow_statue
D:10:     minmay_pinched_square
D:11:     erik_lair_orcish_takeover, portal_ice_cave_entry_pillars_2,
          serial_shops, bzr_entry_safe, nrook_loot_triangle, abandoned_shop,
          minmay_misc_feat_room, nicolae_lava_and_water
Temple:   nicolae_temple_x_marks_the_god
Bazaar:   dpeg_bazaar_wands
Sewer:    kennysheep_sewer_church
IceCv:    ice_cave_caverns_02

Skill      XL: |  1  2  3  4  5  6  7  8  9 10 11 |
---------------+----------------------------------+-----
Stealth        | 1 3 4 5 6 7 9 11 13 | 13.7
Unarmed Combat | 4 6 7 10 11 13 | 13.1
Dodging        | 5 6 8 9 10 | 10.0
Fighting       | 4 6 8 |  8.2
Evocations     | 3 4 5 6 |  6.3

Action                   |  1- 3 |  4- 6 |  7- 9 | 10-12 || total
-------------------------+-------+-------+-------+-------++-------
Melee: Unarmed           |   102 |   140 |   337 |   345 ||   924
       Bite              |    13 |    15 |    42 |    32 ||   102
       Punch             |     2 |     6 |    13 |    26 ||    47
Invok: Berserk           |     3 |     4 |     8 |    12 ||    27
       Trog's Hand       |       |       |     1 |     6 ||     7
       Brothers in Arms  |       |       |       |     2 ||     2
Evoke: Wand              |       |       |     1 |    22 ||    23
       Sack of spiders   |       |       |       |     1 ||     1
  Use: Scroll            |     5 |     2 |     7 |     4 ||    18
       Potion            |       |       |     4 |     7 ||    11
 Stab: Sleeping          |     8 |     4 |    28 |    18 ||    58
       Distracted        |       |       |     2 |     3 ||     5
       Invisible         |       |       |       |     1 ||     1
  Eat: Chunk             |    13 |    12 |    22 |    31 ||    78
Armor: Skin              |     4 |     3 |    17 |    13 ||    37
Dodge: Dodged            |    66 |   115 |   282 |   260 ||   723

Table legend:
 A = Non-vault XP
 B = Vault XP
 C = Vault XP percentage of total XP
 D = Non-vault monster count
 E = Vault monster count
 F = Vault count percentage of total count
                 A         B        C        D         E       F
            +---------+---------+-------+---------+---------+-------
      Total |   12579 |   13187 |  51.2 |     254 |      90 |  26.2
            +---------+---------+-------+---------+---------+-------
        D:1 |      20 |       0 |   0.0 |      12 |       0 |   0.0
        D:2 |      31 |       0 |   0.0 |      14 |       0 |   0.0
        D:3 |     253 |       0 |   0.0 |      38 |       0 |   0.0
        D:4 |     378 |       0 |   0.0 |      13 |       0 |   0.0
        D:5 |     808 |       0 |   0.0 |      35 |       0 |   0.0
        D:6 |     642 |      20 |   3.0 |      17 |       6 |  26.1
        D:7 |     697 |       0 |   0.0 |      12 |       0 |   0.0
        D:8 |    2676 |    2277 |  46.0 |      31 |       2 |   6.1
        D:9 |    1947 |       0 |   0.0 |      42 |       0 |   0.0
       D:10 |    2606 |    4274 |  62.1 |      32 |      13 |  28.9
       D:11 |    2521 |       0 |   0.0 |       8 |       0 |   0.0
      Sewer |       0 |     699 | 100.0 |       0 |      32 | 100.0
      IceCv |       0 |    5917 | 100.0 |       0 |      37 | 100.0
            +---------+---------+-------+---------+---------+-------
